[Event "Titled Tuesday Blitz December 13 Late 2022"]
[White "Bogaudinov, Rushan"]
[Black "Al-Tarboush, Ward"]
[WhiteFideId "4129288"]
[BlackFideId "7601450"]
[WhiteElo "2028"]
[BlackElo "2263"]
[Result "0-1"]
[Round "05"]
[TimeControl "180+1"]
[Date "2022.12.14"]
[WhiteClock "0:00:05"]
[BlackClock "0:00:09"]

1. d4 Nf6 2. e3 g6 3. Nf3 Bg7 4. Be2 O-O 5. O-O d5 6. c4 c6 7. cxd5 cxd5 8. Nc3 Nc6 9. a3 Bf5 10. b4 Rc8 11. Bb2 h5 12. Rc1 Ne4 13. Na4 Qd6 14. Nc5 b6 15. Nd3 e6 16. Qb3 Ne7 17. h3 Rxc1 18. Rxc1 Rc8 19. Rxc8+ Nxc8 20. Nfe5 f6 21. g4 hxg4 22. hxg4 fxe5 23. Nxe5 Bxe5 24. dxe5 Qd8 25. Qc2 Kf7 26. gxf5 Qg5+ 27. Kf1 Qxf5 28. Bd3 Qh3+ 29. Ke1 Qh1+ 30. Ke2 Ne7 31. Bxe4 dxe4 32. Qc7 Qf3+ 33. Ke1 Qh1+ 34. Ke2 Qb1 35. Qc1 Qd3+ 36. Ke1 g5 37. Bd4 g4 38. Qd1 Qxd1+ 39. Kxd1 Kg6 40. a4 Kf5 41. b5 Nd5 42. a5 g3 43. fxg3 Kg4 44. axb6 axb6 45. Ke2 Kxg3 46. Bb2 Kg4 47. Bd4 Kf5 48. Bb2 Ne7 49. Bd4 Nc8 50. Kf2 Kg4 51. Kg2 Kf5 52. Kg3 Ne7 53. Bxb6 Kxe5 54. Bc5 Nf5+ 55. Kf2 Kd5 56. Ba7 Nd6 57. b6 Kc6 58. Bb8 Nc4 59. Bc7 Nxb6 60. Bxb6 Kxb6 61. Kg3 Kc5 62. Kf2 Kc4 63. Ke2 Kc3 64. Ke1 Kd3 65. Kf2 Kd2 66. Kf1 Kxe3 67. Ke1 Kd3 68. Kd1 e3 69. Ke1 e2 0-1


[Site "https://www.chess.com"]

[Event "Titled Tuesday Blitz December 13 Late 2022"]
[White "Burke, Paul"]
[Black "Espinosa, Pedro"]
[WhiteFideId "2605767"]
[BlackFideId "30921066"]
[WhiteElo "1928"]
[BlackElo "2016"]
[Result "0-1"]
[Round "05"]
[TimeControl "180+1"]
[Date "2022.12.14"]
[WhiteClock "0:00:34"]
[BlackClock "0:01:39"]

1. e4 c5 2. d4 cxd4 3. c3 dxc3 4. Nxc3 e6 5. Nf3 Nc6 6. Bf4 Bb4 7. Bd3 Nge7 8. e5 Nd5 9. Bd2 Nxc3 10. bxc3 Bc5 11. Qe2 h6 12. Rd1 b6 13. O-O Bb7 14. Bb1 Qc7 15. Rfe1 O-O-O 16. a4 d6 17. exd6 Bxd6 18. c4 Bc5 19. a5 Nxa5 20. Bxa5 bxa5 21. Be4 Rxd1 22. Rxd1 Rd8 23. Rb1 Bb6 24. Bxb7+ Kxb7 25. Qe4+ Qc6 26. Qe3 Rd1+ 0-1


[Site "https://www.chess.com"]

[Event "Titled Tuesday Blitz December 13 Late 2022"]
[White "Campelo, Leandro Fabricio"]
[Black "Herman, Daniel"]
[WhiteFideId "2103346"]
[BlackFideId "30935008"]
[WhiteElo "2070"]
[BlackElo "1897"]
[Result "0-1"]
[Round "05"]
[TimeControl "180+1"]
[Date "2022.12.14"]
[WhiteClock "0:00:03"]
[BlackClock "0:00:50"]

1. e4 e5 2. Nf3 Nf6 3. d4 Nxe4 4. Bd3 d5 5. Nxe5 Nc6 6. Nc3 Nxe5 7. dxe5 Nxc3 8. bxc3 Be7 9. O-O O-O 10. Qh5 g6 11. Qh6 c5 12. c4 dxc4 13. Be2 Be6 14. Be3 Qd5 15. f4 Qe4 16. f5 Bxf5 17. Rxf5 Qxf5 18. Bxc4 Qxe5 19. Rf1 Rad8 20. Qh3 Bg5 21. Bxg5 Qxg5 22. Qf3 Rd7 23. h3 Qe5 24. Rf2 Qa1+ 25. Kh2 Qe5+ 26. Kg1 a6 27. a4 Qa1+ 28. Rf1 Qxa4 29. Qe4 Qc6 0-1


[Site "https://www.chess.com"]

[Event "Titled Tuesday Blitz December 13 Late 2022"]
[White "Chigaev, Maksim"]
[Black "Sadhwani, Raunak"]
[WhiteFideId "4108116"]
[BlackFideId "35093487"]
[WhiteElo "2542"]
[BlackElo "2657"]
[Result "1-0"]
[Round "05"]
[TimeControl "180+1"]
[Date "2022.12.13"]
[WhiteClock "0:01:25"]
[BlackClock "0:01:53"]

1. Nf3 d5 2. d4 Nf6 3. c4 e6 4. g3 Bb4+ 5. Nbd2 O-O 6. Bg2 dxc4 7. Qc2 b5 8. a4 Bb7 9. axb5 a6 10. bxa6 Rxa6 11. Rxa6 Bxa6 12. O-O Nc6 13. Nxc4 Nxd4 14. Nxd4 Qxd4 15. b3 Qc3 16. Qa2 Bb5 17. Bd2 1-0


[Site "https://www.chess.com"]

[Event "Titled Tuesday Blitz December 13 Late 2022"]
[White "Chlpik, Martin"]
[Black "Ankerst, Mihael"]
[WhiteFideId "14923351"]
[BlackFideId "14602369"]
[WhiteElo "2109"]
[BlackElo "2339"]
[Result "0-1"]
[Round "05"]
[TimeControl "180+1"]
[Date "2022.12.14"]
[WhiteClock "0:00:06"]
[BlackClock "0:01:01"]

1. d4 Nf6 2. Nc3 g6 3. Bf4 d5 4. e3 Bg7 5. h4 O-O 6. h5 c5 7. hxg6 hxg6 8. Nf3 Nbd7 9. Ne5 b6 10. Nc6 Qe8 11. Nb5 e5 12. dxe5 Nxe5 13. Nxe5 Qe7 14. Qf3 Bf5 15. Bd3 Ne4 16. g4 Bxe5 17. gxf5 Bxb2 18. Qh3 Rfd8 19. Qh7+ Kf8 20. Nc7 Qf6 21. Bh6+ Ke7 22. Rd1 Qxf5 23. Bxe4 Bc3+ 24. Ke2 dxe4 0-1


[Site "https://www.chess.com"]

[Event "Titled Tuesday Blitz December 13 Late 2022"]
[White "Clawitter, Craig"]
[Black "Musovic, Armin"]
[WhiteFideId "2023105"]
[BlackFideId "939935"]
[WhiteElo "2207"]
[BlackElo "2288"]
[Result "0-1"]
[Round "05"]
[TimeControl "180+1"]
[Date "2022.12.14"]
[WhiteClock "0:00:01"]
[BlackClock "0:01:47"]

1. e4 c6 2. Nf3 d5 3. e5 c5 4. d4 Nc6 5. dxc5 Bg4 6. c3 e6 7. Bb5 Bxf3 8. Qxf3 Qc7 9. O-O Bxc5 10. b4 Bb6 11. Qg3 Kf8 12. Bxc6 bxc6 13. a4 a5 14. Ba3 Ne7 15. bxa5 Rxa5 16. Bd6 Qa7 17. c4 Kg8 18. cxd5 Nf5 19. Qc3 Rxd5 20. Qxc6 h5 21. Nc3 Rd2 22. Ne4 Rb2 23. Qe8+ Kh7 24. Ng5+ Kg6 25. Qxh8 Kxg5 26. Qc8 Bxf2+ 27. Kh1 h4 28. Qd8+ Kg6 29. a5 Qb7 30. a6 Qe4 31. Qc8 Bc5 32. Qxc5 Qxg2# 0-1


[Site "https://www.chess.com"]

[Event "Titled Tuesday Blitz December 13 Late 2022"]
[White "Crevatin, Leo"]
[Black "Remizov, Yaroslav"]
[WhiteFideId "1726307"]
[BlackFideId "34134015"]
[WhiteElo "2190"]
[BlackElo "2415"]
[Result "1-0"]
[Round "05"]
[TimeControl "180+1"]
[Date "2022.12.13"]
[WhiteClock "0:00:04"]
[BlackClock "0:00:07"]

1. d4 d5 2. Bf4 Nf6 3. e3 c5 4. Nf3 Nc6 5. Nbd2 Bf5 6. c3 e6 7. h3 h6 8. Qb3 Qc8 9. Ne5 Nxe5 10. Bxe5 Nd7 11. Bg3 Be7 12. Be2 O-O 13. O-O a6 14. Bf3 Bd3 15. Rfe1 c4 16. Qd1 f5 17. Be2 Bxe2 18. Qxe2 Qd8 19. f3 Bh4 20. Bxh4 Qxh4 21. e4 fxe4 22. fxe4 Nf6 23. Rf1 Nxe4 24. Nxe4 Rxf1+ 25. Rxf1 Qxe4 26. Qxe4 dxe4 27. Re1 Kf7 28. Rxe4 Rd8 29. Kf2 Rd5 30. Rf4+ Ke7 31. Ke3 Rb5 32. Rf2 a5 33. Ke4 a4 34. a3 Kd6 35. g4 h5 36. Rg2 hxg4 37. hxg4 Rg5 38. Kf4 Rd5 39. Re2 Rb5 40. Ke4 Ke7 41. Rf2 Rg5 42. Kf4 Rd5 43. Ke4 Rb5 44. Kf4 Kf6 45. Re2 Rd5 46. Rf2 Rb5 47. Re2 g6 48. Rf2 e5+ 49. Ke4+ Ke6 50. dxe5 Rxe5+ 51. Kd4 Rg5 52. Rf4 b5 53. Re4+ Kd6 54. Rf4 Rd5+ 55. Ke4 Rd2 56. Rf6+ Kc5 57. Rxg6 Rxb2 58. Rg5+ Kb6 59. Rg6+ Ka5 60. g5 Rb3 61. Kd4 Rxa3 62. Rg8 Kb6 63. g6 Ra1 64. g7 Rd1+ 65. Ke3 Rg1 66. Rb8+ Kc5 67. g8=Q Rxg8 68. Rxg8 b4 69. Rg5+ Kd6 70. cxb4 a3 71. Ra5 Kc6 72. Kd4 a2 73. Kxc4 a1=Q 74. Rxa1 1-0


[Site "https://www.chess.com"]

[Event "Titled Tuesday Blitz December 13 Late 2022"]
[White "Cruz, William Ferreira Da"]
[Black "Grapsa, Georgia"]
[WhiteFideId "2118050"]
[BlackFideId "4206436"]
[WhiteElo "2223"]
[BlackElo "1825"]
[Result "1-0"]
[Round "05"]
[TimeControl "180+1"]
[Date "2022.12.14"]
[WhiteClock "0:00:40"]
[BlackClock "0:00:05"]

1. d4 d5 2. c4 e6 3. Nc3 f5 4. cxd5 exd5 5. Bf4 Nf6 6. e3 c6 7. Nf3 Bd6 8. Bxd6 Qxd6 9. Bd3 O-O 10. Ne5 Ne4 11. f3 Nxc3 12. bxc3 Nd7 13. f4 Nf6 14. O-O Bd7 15. c4 g6 16. c5 Qe7 17. Rb1 Be6 18. a4 Rab8 19. a5 a6 20. Rf2 Rbe8 21. Rfb2 Bc8 22. Qb3 Kg7 23. Qb6 Nd7 24. Qc7 Nxe5 25. Qxe7+ Rxe7 26. fxe5 f4 27. Kf2 fxe3+ 28. Kxe3 Ref7 29. Be2 Rf4 30. Bf3 g5 31. h3 Kg6 32. Rf2 h5 33. Rbb2 g4 34. hxg4 hxg4 35. Bd1 Re4+ 36. Kd3 Bf5 37. Kc3 Re3+ 38. Kb4 Rf7 39. Rbe2 Rd3 40. Rd2 Rxd2 41. Rxd2 Kg5 42. g3 Be4 43. Kc3 Rf1 44. Bc2 Rf3+ 45. Kb2 Rxg3 46. Rf2 Rf3 47. Re2 Rf7 48. Bxe4 dxe4 49. Rxe4 g3 50. Re1 Kg4 51. Kc3 g2 52. d5 Kg3 53. d6 Rf1 54. d7 Rxe1 55. d8=Q g1=Q 56. Qg5+ Kf2 57. Qf4+ Kg2 58. Qg4+ Kf1 59. Qf3+ Qf2 60. Qh3+ Ke2 61. Qd3# 1-0


[Site "https://www.chess.com"]

[Event "Titled Tuesday Blitz December 13 Late 2022"]
[White "D`Arruda, Ricardo D."]
[Black "Young, Ryan"]
[WhiteFideId "100692"]
[BlackFideId "2049945"]
[WhiteElo "2422"]
[BlackElo "2301"]
[Result "0-1"]
[Round "05"]
[TimeControl "180+1"]
[Date "2022.12.14"]
[WhiteClock "0:00:02"]
[BlackClock "0:00:11"]

1. d4 Nf6 2. Nf3 d5 3. c4 e6 4. Nc3 Bb4 5. Bd2 O-O 6. e3 c5 7. dxc5 Bxc5 8. Rc1 dxc4 9. Bxc4 Nc6 10. O-O b6 11. Qe2 Bb7 12. Rfd1 Qe7 13. e4 e5 14. Bg5 Nd4 15. Nxd4 Bxd4 16. Nd5 Bxd5 17. Bxd5 Rac8 18. Bb3 Qd6 19. Kh1 Nd7 20. f3 Nc5 21. Bd5 Ne6 22. Bd2 Rfd8 23. Bc3 Bxc3 24. bxc3 Nf4 25. Qe3 Qa3 26. Bb3 Kf8 27. g3 Ng6 28. Qg5 Qe7 29. Qe3 Qc5 30. Qe1 a5 31. h4 Ne7 32. Kg2 Rd6 33. Rxd6 Qxd6 34. Rd1 Qc7 35. Rd3 Rd8 36. Qd2 Rxd3 37. Qxd3 g6 38. g4 Kg7 39. g5 Nc6 40. Qd5 Nd8 41. Kg3 Ne6 42. Qd2 Nf4 43. Bd5 Qc5 44. Kh2 a4 45. c4 a3 46. Qc2 Qc8 0-1


[Site "https://www.chess.com"]

[Event "Titled Tuesday Blitz December 13 Late 2022"]
[White "De VJunior, Liduino Furtado"]
[Black "Mikhalsky, Vladimir"]
[WhiteFideId "2109913"]
[BlackFideId "14144352"]
[WhiteElo "2050"]
[BlackElo "2272"]
[Result "0-1"]
[Round "05"]
[TimeControl "180+1"]
[Date "2022.12.14"]
[WhiteClock "0:00:25"]
[BlackClock "0:00:21"]

1. e4 c5 2. Nf3 Nc6 3. d4 cxd4 4. Nxd4 Nf6 5. Nxc6 bxc6 6. Bd3 d5 7. Nd2 e5 8. O-O Bd6 9. c4 d4 10. Qc2 O-O 11. c5 Be7 12. Nf3 Nd7 13. b4 a5 14. b5 f6 15. Ba3 cxb5 16. Bxb5 Ba6 17. Qc4+ Kh8 18. Bxa6 Nxc5 19. Bxc5 Bxc5 20. Qxc5 Rxa6 21. Rfd1 Qd6 22. Rac1 Rb8 23. Nh4 g6 24. Qc4 Kg7 25. Qc7+ Qxc7 26. Rxc7+ Kh6 27. g3 Rb2 28. f4 exf4 29. gxf4 Rxa2 30. Rb1 Kh5 31. Rxh7+ Kg4 32. Nxg6 Rc6 33. Kh1 Rcc2 34. Rg1+ Kf3 35. e5 fxe5 36. fxe5 d3 37. Rh3+ Ke4 38. e6 d2 39. e7 Rc8 40. Rh5 Re8 41. Re5+ Kd3 42. Nf4+ Kd4 43. Re6 Rc2 44. Rd1 Rc1 45. Ne2+ Kd5 46. Nxc1 Kxe6 47. Rxd2 Rxe7 48. Re2+ Kf7 49. Rxe7+ Kxe7 50. Kg2 Kf6 51. Kf3 Kg5 52. Nd3 a4 53. Ke3 Kh4 54. Nf2 a3 55. Kd2 a2 56. Ke3 a1=Q 57. Kf3 Qf6+ 58. Kg2 Qg5+ 59. Kh1 Qd5+ 60. Kg1 Kg5 61. Kf1 Kf4 62. h3 Kf3 63. Kg1 Qd4 64. Kh1 Qxf2 65. h4 Qg3 66. h5 Kf2 67. h6 Kf1 68. h7 Qh3# 0-1


[Site "https://www.chess.com"]

[Event "Titled Tuesday Blitz December 13 Late 2022"]
[White "Deac, Bogdan-Daniel"]
[Black "Melkumyan, Hrant"]
[WhiteFideId "1226380"]
[BlackFideId "13302485"]
[WhiteElo "2649"]
[BlackElo "2604"]
[Result "1-0"]
[Round "05"]
[TimeControl "180+1"]
[Date "2022.12.13"]
[WhiteClock "0:00:08"]
[BlackClock "0:00:05"]

1. d4 d5 2. c4 e6 3. Nf3 Nf6 4. Nc3 c5 5. cxd5 cxd4 6. Qxd4 exd5 7. Bg5 Be7 8. e3 O-O 9. Rd1 Be6 10. Bd3 h6 11. Bh4 Nc6 12. Qa4 Qb6 13. Rd2 Rfd8 14. O-O Kf8 15. Bb1 Rac8 16. Rfd1 Na5 17. Bd3 Nc4 18. Bxc4 Rxc4 19. Qc2 Rdc8 20. Nd4 Bg4 21. f3 Bd7 22. Bxf6 Bxf6 23. Qh7 Qc5 24. Nce2 Qa5 25. Kf2 Qd8 26. Nf5 Bxf5 27. Qxf5 g6 28. Qh3 Rh4 29. Qg3 Rb4 30. Qh3 Rh4 31. Qg3 Rh5 32. Kg1 Kg7 33. Nf4 Rg5 34. Qf2 d4 35. e4 Rcc5 36. Nd3 Ra5 37. f4 Rgb5 38. e5 Be7 39. f5 Rxe5 40. Nxe5 Rxe5 41. fxg6 fxg6 42. Rxd4 Qb6 43. Kh1 Rf5 44. Qe2 Rf7 45. Rd7 Qf6 46. Rxb7 Qf5 47. h3 h5 48. Rb5 Qf6 49. Rb7 Kh6 50. Re1 Bd6 51. Rxf7 Qxf7 52. Qd2+ Bf4 53. Rf1 g5 54. Qa5 h4 55. Qa6+ Kh5 56. Qe2+ Kh6 57. Re1 Qf6 58. Qe6 Kg6 59. Qxf6+ Kxf6 60. Re4 a5 61. Ra4 Bd2 62. Kg1 Ke5 63. Kf2 Kd5 64. Ke2 Bb4 65. a3 Be7 66. Rxa5+ Kc4 67. b4 1-0


[Site "https://www.chess.com"]

[Event "Titled Tuesday Blitz December 13 Late 2022"]
[White "Di Berardino, Diego Rafael"]
[Black "Lashkin, Jegor"]
[WhiteFideId "2105446"]
[BlackFideId "13907808"]
[WhiteElo "2441"]
[BlackElo "2368"]
[Result "1-0"]
[Round "05"]
[TimeControl "180+1"]
[Date "2022.12.13"]
[WhiteClock "0:00:57"]
[BlackClock "0:00:01"]

1. e4 c5 2. Nf3 d6 3. d4 cxd4 4. Nxd4 Nf6 5. Nc3 a6 6. a3 e5 7. Nf5 d5 8. Bg5 d4 9. Bxf6 Qxf6 10. Nd5 Qc6 11. c4 g6 12. Ng3 h5 13. Bd3 h4 14. Ne2 h3 15. g3 Bg7 16. O-O Be6 17. f4 Nd7 18. f5 Bxd5 19. exd5 Qd6 20. b4 Nf6 21. Qc2 gxf5 22. Bxf5 O-O 23. Rad1 a5 24. Qb3 axb4 25. axb4 b6 26. Bxh3 e4 27. Nxd4 Qe5 28. Nf5 Rfe8 29. Rde1 Kh7 30. Kh1 Bf8 31. Ne3 Kg8 32. Rf5 Qd6 33. Ref1 Bg7 34. Rg5 Kf8 35. Rxg7 1-0


[Site "https://www.chess.com"]

[Event "Titled Tuesday Blitz December 13 Late 2022"]
[White "Dudzinski, Pawel"]
[Black "De Souza, Cristiano Gomes"]
[WhiteFideId "1117890"]
[BlackFideId "2151758"]
[WhiteElo "2099"]
[BlackElo "2068"]
[Result "0-1"]
[Round "05"]
[TimeControl "180+1"]
[Date "2022.12.14"]
[WhiteClock "0:00:02"]
[BlackClock "0:00:29"]

1. e4 c5 2. Nc3 d6 3. g3 a6 4. Bg2 b5 5. e5 Ra7 6. exd6 exd6 7. d4 Re7+ 8. Nge2 Nf6 9. dxc5 dxc5 10. Qxd8+ Kxd8 11. Bg5 Nbd7 12. Nd5 Nxd5 13. Bxd5 f6 14. Be3 Re8 15. O-O-O Kc7 16. Nf4 Ne5 17. Nd3 Nxd3+ 18. Rxd3 Bf5 19. Bf4+ Kb6 20. Rd2 Be7 21. Re1 Bd8 22. Be3 a5 23. Bf7 Re7 24. Rxd8 Rxe3 25. Rxe3 Rxd8 26. Re7 g5 27. Be6 Bg6 28. Bf7 Rd6 29. Bxg6 hxg6 30. g4 Kc6 31. Rg7 Kd5 32. Rxg6 Ke5 33. Rh6 Kf4 34. h4 Kxg4 35. h5 Kf3 36. Rh8 f5 37. h6 f4 38. h7 Rh6 39. Rg8 Rxh7 40. Rxg5 Kxf2 41. Rxc5 f3 42. Rxb5 Re7 43. Rxa5 Ke2 44. Rf5 f2 45. b4 f1=Q+ 46. Rxf1 Kxf1 47. Kb2 Ke2 48. a4 Kd2 0-1


[Site "https://www.chess.com"]

[Event "Titled Tuesday Blitz December 13 Late 2022"]
[White "Dzierzak, Radoslaw"]
[Black "Goroshkov, Maksym"]
[WhiteFideId "1161407"]
[BlackFideId "14142716"]
[WhiteElo "2111"]
[BlackElo "2258"]
[Result "0-1"]
[Round "05"]
[TimeControl "180+1"]
[Date "2022.12.14"]
[WhiteClock "0:00:02"]
[BlackClock "0:00:16"]

1. e4 e5 2. Nf3 d6 3. d4 Bg4 4. dxe5 Nd7 5. exd6 Bxd6 6. h3 Bh5 7. Be2 Ngf6 8. Nc3 Qe7 9. O-O O-O-O 10. Nd4 Bg6 11. Nf5 Bxf5 12. exf5 Nc5 13. Qe1 Rhe8 14. Be3 Qe5 15. g3 Qxf5 16. Rd1 Qxh3 17. Bf3 Ng4 18. Bxg4+ Qxg4 19. Qe2 Qf5 20. Rd5 Qe6 21. Qc4 Nd7 22. Nb5 Ne5 23. Nxa7+ Kb8 24. Qb3 Nf3+ 25. Kg2 Nh4+ 26. Kg1 Nf3+ 27. Kg2 Qe4 28. Nc6+ Kc8 29. Na7+ Kd7 30. Qb5+ Ke7 31. Qd3 Ne1+ 32. Kh3 Qg2+ 33. Kg4 Nxd3 34. Rxd3 Qxf1 0-1


[Site "https://www.chess.com"]

[Event "Titled Tuesday Blitz December 13 Late 2022"]
[White "Estrada Nieto, Julian"]
[Black "Van Dael, Siem"]
[WhiteFideId "5101018"]
[BlackFideId "1049771"]
[WhiteElo "2195"]
[BlackElo "2336"]
[Result "0-1"]
[Round "05"]
[TimeControl "180+1"]
[Date "2022.12.14"]
[WhiteClock "0:00:07"]
[BlackClock "0:00:07"]

1. e4 e6 2. d4 d5 3. Nd2 c5 4. exd5 Qxd5 5. Ngf3 cxd4 6. Bc4 Qd7 7. O-O Nc6 8. Nb3 a6 9. Nbxd4 Nxd4 10. Nxd4 Nf6 11. Re1 b5 12. Bb3 Bb7 13. c3 Bc5 14. Be3 O-O 15. Nxe6 Qc6 16. Nf4 g5 17. Nd5 Nxd5 18. Bxd5 Qxd5 19. Qxd5 Bxd5 20. Bxc5 Rfe8 21. Be7 h6 22. Re5 Be6 23. Bf6 Kh7 24. h4 Kg6 25. hxg5 hxg5 26. Bxg5 f6 27. Rxe6 Rxe6 28. Be3 a5 29. Kf1 b4 30. Rd1 bxc3 31. bxc3 Rc6 32. Bd4 Rb8 33. Rd2 a4 34. Ke2 Rb1 35. Kd3 a3 36. Ke4 Rb2 37. Rd3 Rxa2 38. Rg3+ Kf7 39. Kd5 Ra6 40. Rh3 Kg6 41. Rg3+ Kf7 42. Rh3 Rb2 43. Rh7+ Kg6 44. Rh8 a2 45. g4 a1=Q 46. Rg8+ Kf7 47. Rc8 Qa2+ 48. Ke4 Re6+ 49. Kf3 Qd5+ 50. Kg3 Qd7 51. Rc5 Rd6 52. Rf5 Rxd4 53. cxd4 Qxd4 54. Rf4 Rb3+ 55. Rf3 Qe5+ 56. Kg2 Qe4 57. Kg3 Qxf3+ 58. Kh4 Qh3# 0-1


[Site "https://www.chess.com"]

[Event "Titled Tuesday Blitz December 13 Late 2022"]
[White "Fernandez Garcia, Gumersindo"]
[Black "Souleidis, Georgios"]
[WhiteFideId "24516740"]
[BlackFideId "4206827"]
[WhiteElo "2140"]
[BlackElo "2401"]
[Result "0-1"]
[Round "05"]
[TimeControl "180+1"]
[Date "2022.12.14"]
[WhiteClock "0:00:30"]
[BlackClock "0:00:09"]

1. d4 Nf6 2. c4 g6 3. Nc3 Bg7 4. e4 d6 5. Bg5 O-O 6. Qd2 c5 7. d5 e6 8. Nf3 exd5 9. exd5 Re8+ 10. Be2 Nbd7 11. O-O a6 12. a4 Ne5 13. Nxe5 Rxe5 14. f4 Re8 15. Bd3 Qc7 16. f5 Ng4 17. f6 Bh8 18. Rae1 Bd7 19. h3 Ne5 20. Ne4 Nxd3 21. Qxd3 Bxa4 22. Qg3 Rad8 23. Bf4 Rxe4 24. Rxe4 Bxf6 25. b3 Be8 26. Bxd6 Qxd6 27. Rxe8+ Kg7 28. Qxd6 Rxd6 29. Rc8 b5 30. cxb5 axb5 31. Kh1 Bd4 32. Rc7 Rxd5 33. Rfxf7+ Kh6 34. Rxh7+ Kg5 35. g3 Be5 36. Rcf7 Bxg3 37. Kg2 Be5 38. Rf2 Bd4 39. Re2 c4 40. bxc4 bxc4 41. h4+ Kf5 42. Kf3 Bf6 43. Rc7 c3 44. Re4 Rd3+ 45. Kg2 Kxe4 46. Rc6 Be5 47. Rxg6 Rd2+ 48. Kh3 c2 49. Rc6 Kd3 50. Re6 Bc3 51. Rd6+ Kc4 52. Rc6+ Kb3 53. Rb6+ Ka2 54. Ra6+ Kb3 55. Rb6+ Bb4 56. Rc6 Rd1 57. h5 c1=Q 58. Rxc1 Rxc1 59. Kg4 Bc3 60. Kg5 Rh1 61. h6 Bd2+ 62. Kg6 Bxh6 63. Kf7 Bc1 64. Kg6 Rf1 65. Kh5 Kc3 66. Kg4 Kd3 67. Kg3 Ke3 68. Kg2 Rf8 69. Kg3 Rg8+ 70. Kh4 Kf4 71. Kh5 Rg1 72. Kh6 Kf5+ 73. Kh7 Kf6 74. Kh8 Ba3 75. Kh7 Rg2 0-1


[Site "https://www.chess.com"]

[Event "Titled Tuesday Blitz December 13 Late 2022"]
[White "Ferriz Barrios, Andres"]
[Black "Dias, Joao Batista"]
[WhiteFideId "5104467"]
[BlackFideId "2108240"]
[WhiteElo "2265"]
[BlackElo "1898"]
[Result "1-0"]
[Round "05"]
[TimeControl "180+1"]
[Date "2022.12.14"]
[WhiteClock "0:02:08"]
[BlackClock "0:00:42"]

1. d4 d5 2. Nf3 Nf6 3. Nbd2 h6 4. e3 Bf5 5. Bd3 Qd7 6. O-O e6 7. Ne5 Qd8 8. f4 Be7 9. g4 Bxd3 10. cxd3 Nbd7 11. Ndf3 O-O 12. g5 hxg5 13. fxg5 Ne8 14. Nxd7 Qxd7 15. Ne5 Qb5 16. Qh5 g6 17. Qh6 c5 18. h4 cxd4 19. exd4 Qb4 20. Be3 Qxb2 21. h5 Qe2 22. Rae1 Qxh5 23. Qxh5 gxh5 24. g6 fxg6 25. Rxf8+ Bxf8 26. Nxg6 Bg7 27. Rf1 Rc8 28. Ne7+ Kh7 29. Nxc8 1-0


[Site "https://www.chess.com"]

[Event "Titled Tuesday Blitz December 13 Late 2022"]
[White "Figorito, Nick"]
[Black "Romero Ruscalleda, Josep"]
[WhiteFideId "30923689"]
[BlackFideId "2231859"]
[WhiteElo "2424"]
[BlackElo "2183"]
[Result "1-0"]
[Round "05"]
[TimeControl "180+1"]
[Date "2022.12.14"]
[WhiteClock "0:00:59"]
[BlackClock "0:00:07"]

1. Nf3 g6 2. g3 Bg7 3. Bg2 e5 4. O-O d6 5. c4 f5 6. Nc3 Nf6 7. d3 O-O 8. Rb1 a5 9. a3 Nc6 10. b4 h6 11. b5 Ne7 12. Ne1 Rb8 13. Nc2 Be6 14. a4 d5 15. cxd5 Nfxd5 16. Nxd5 Nxd5 17. Bb2 g5 18. Na3 Nb4 19. Nc4 e4 20. Bxg7 Kxg7 21. Nxa5 c5 22. Nb3 exd3 23. Nxc5 Qe7 24. Nxe6+ Qxe6 25. Rxb4 dxe2 26. Qa1+ Rf6 27. Re1 b6 28. Rb2 Re8 29. Qa2 Qxa2 30. Rxa2 Rfe6 31. Bf3 f4 32. Raxe2 Kf6 33. Rxe6+ Rxe6 34. Rxe6+ Kxe6 1-0


[Site "https://www.chess.com"]

[Event "Titled Tuesday Blitz December 13 Late 2022"]
[White "Firouzja, Alireza"]
[Black "Nasuta, Grzegorz"]
[WhiteFideId "12573981"]
[BlackFideId "1141686"]
[WhiteElo "2904"]
[BlackElo "2441"]
[Result "1-0"]
[Round "05"]
[TimeControl "180+1"]
[Date "2022.12.13"]
[WhiteClock "0:01:37"]
[BlackClock "0:00:03"]

1. d4 d5 2. c4 c6 3. Nf3 Nf6 4. Nc3 dxc4 5. a4 Bf5 6. e3 e6 7. Bxc4 Bb4 8. O-O O-O 9. Qe2 Nbd7 10. e4 Bg6 11. Bd3 Bh5 12. e5 Nd5 13. Nxd5 cxd5 14. Qe3 Re8 15. Ng5 Bg6 16. Bxg6 fxg6 17. a5 h6 18. Qb3 Bxa5 19. Nxe6 Rxe6 20. Qxd5 Nf8 21. Rxa5 b6 22. Qxd8 Rxd8 23. Ra4 Rc6 24. Be3 Ne6 25. Rxa7 Nxd4 26. h3 g5 27. Kh2 Rd5 28. f4 gxf4 29. Rxf4 Ne6 30. Rg4 Kh7 31. Re7 b5 32. h4 h5 33. Rg3 Rxe5 34. Bd4 Re4 35. Rgxg7+ Nxg7 36. Rxe4 Nf5 37. Bc3 Rc4 38. Rxc4 bxc4 39. Kh3 Kg6 40. g4 Ne3 41. g5 Nf5 42. Be1 Kf7 43. Kg2 Ke6 44. Kf3 Ke5 45. Bg3+ Kd5 46. Kf4 Ne7 47. Be1 Ke6 48. Ke4 Nf5 49. Bf2 Ne7 50. Kd4 Kf5 51. Kxc4 Kg4 52. b4 Kf3 53. Be1 Ke2 54. Bc3 Ng6 55. b5 Nxh4 56. b6 Nf5 57. g6 h4 58. Be5 h3 59. b7 1-0


[Site "https://www.chess.com"]

[Event "Titled Tuesday Blitz December 13 Late 2022"]
[White "Forgacs, Attila Jr."]
[Black "Petrovic, Aleksa"]
[WhiteFideId "773654"]
[BlackFideId "967629"]
[WhiteElo "2168"]
[BlackElo "2230"]
[Result "1-0"]
[Round "05"]
[TimeControl "180+1"]
[Date "2022.12.14"]
[WhiteClock "0:00:07"]
[BlackClock "0:00:02"]

1. e4 e5 2. Nf3 Nc6 3. Bb5 a6 4. Ba4 Nf6 5. O-O Be7 6. Re1 b5 7. Bb3 d6 8. c3 O-O 9. h3 Bd7 10. d4 Qb8 11. Nbd2 Rd8 12. Nf1 Be8 13. Ng3 g6 14. Bh6 Na5 15. Bc2 c5 16. d5 Nc4 17. b3 Nb6 18. Qd2 Kh8 19. Nf5 Qa7 20. Qg5 Kg8 21. N3h4 Rdb8 22. f4 Bd8 23. fxe5 Nxe4 24. Qg4 Nxd5 25. Bxe4 Nxc3 26. Bxa8 c4+ 27. Kh1 Bd7 28. Qg3 Qxa8 29. Qxc3 Bxf5 30. Nxf5 b4 31. Qg3 Qd5 32. Nxd6 Qe6 33. Rad1 Bb6 34. Ne4 c3 35. Nf6+ Kh8 36. Rd6 c2 37. Rxe6 Rc8 38. Rc1 1-0


[Site "https://www.chess.com"]

[Event "Titled Tuesday Blitz December 13 Late 2022"]
[White "Gardezi, Arsal"]
[Black "Walentukiewicz, Michal"]
[WhiteFideId "30949521"]
[BlackFideId "1126903"]
[WhiteElo "1906"]
[BlackElo "2028"]
[Result "0-1"]
[Round "05"]
[TimeControl "180+1"]
[Date "2022.12.14"]
[WhiteClock "0:02:21"]
[BlackClock "0:02:07"]

1. Nf3 g6 2. g3 Bg7 3. Bg2 c5 4. O-O Nc6 5. c3 d6 6. d4 cxd4 7. cxd4 Nf6 8. Nc3 O-O 9. e4 Bg4 10. Re1 Rc8 11. Be3 a6 12. h3 Bxf3 13. Bxf3 e5 14. dxe5 dxe5 15. Bg2 Nd4 16. Rc1 Qa5 17. Bxd4 exd4 18. Qxd4 Rfd8 19. Qe3 Nd7 20. Nd5 Rxc1 21. Rxc1 Qxa2 22. Qg5 Rf8 23. Rc7 Ne5 24. Rxb7 Qb1+ 25. Kh2 Qe1 26. Nf6+ Bxf6 27. Qxf6 Nd3 28. f4 Qe2 29. Qc3 Ne1 0-1


[Site "https://www.chess.com"]

[Event "Titled Tuesday Blitz December 13 Late 2022"]
[White "Gasparyan, David"]
[Black "Martinez Reyes, Pedro Ramon"]
[WhiteFideId "13311980"]
[BlackFideId "3901807"]
[WhiteElo "2413"]
[BlackElo "2354"]
[Result "1-0"]
[Round "05"]
[TimeControl "180+1"]
[Date "2022.12.14"]
[WhiteClock "0:00:45"]
[BlackClock "0:00:15"]

1. e4 e6 2. Ne2 h5 3. c4 c5 4. Nbc3 h4 5. d4 cxd4 6. Nxd4 Nc6 7. Be3 Qa5 8. a3 Nf6 9. Qc2 h3 10. gxh3 Bc5 11. Nb3 Qc7 12. Nxc5 d6 13. Nb5 Qd8 14. O-O-O a6 15. Nxd6+ Kf8 16. Nxf7 Qe8 17. Nxh8 Kg8 18. e5 Nxe5 19. Bd4 Ned7 20. Ng6 e5 21. Be3 e4 22. Nf4 Nxc5 23. Bxc5 Bf5 24. Rg1 Kf7 25. Qc3 Rc8 26. Bd4 Rc6 27. Bxf6 Rxf6 28. Nd5 Rg6 29. Rxg6 Bxg6 30. Be2 Qd8 31. Ne3 Qg5 32. Qd4 Qe7 33. Qd7 Qxd7 34. Rxd7+ Ke6 35. Rxb7 1-0


[Site "https://www.chess.com"]